TOP OF THE 1ST |
Seattle Pikes batting - Pitching for Pocatello Boccabellas : RHP José Rojas
|
Pitching: RHP José Rojas
|
|
Batting: RHB Manuel Rico
|
0-0: Called Strike 0-1: Swinging Strike 0-2: Ball 1-2: Ball 2-2: Foul Ball, location: 2F 2-2: Ball 3-2: SINGLE (Groundball, 56)
|
Batting: RHB António Ortega
|
0-0: Foul Ball, location: 2F 0-1: Swinging Strike 0-2: Ball 1-2: Ball 2-2: 2-RUN HOME RUN (Flyball, 78XD), Distance : 405 ft
|
Batting: LHB Keith Tillman
|
0-0: Called Strike 0-1: Ball 1-1: Ball 2-1: Called Strike 2-2: Ball 3-2: Strikes out swinging
|
Batting: RHB Alfredo Rivera
|
0-0: Ball 1-0: DOUBLE (Flyball, 78XD)
|
Batting: LHB Chad Weaver
|
0-0: Ball 1-0: Ball 2-0: Fly out, F9 (Flyball, 9M)
|
Batting: RHB Randy Sheppard
|
0-0: Ball 1-0: Called Strike 1-1: Ball 2-1: Ball 3-1: Foul Ball, location: 2F 3-2: DOUBLE (Flyball, 7LD) Alfredo Rivera scores
|
Batting: RHB Iván Gonzáles
|
0-0: Called Strike 0-1: Ball 1-1: Ball 2-1: Foul Ball, location: 2F 2-2: Strikes out swinging
|
Top of the 1st over - 3 run(s), 4 hit(s), 0 error(s), 1 left on base; Seattle 3 - Pocatello 0 |
BOTTOM OF THE 1ST |
Pocatello Boccabellas batting - Pitching for Seattle Pikes : LHP Albert Lebel
|
Pitching: LHP Albert Lebel
|
|
Batting: RHB José García
|
0-0: Ball 1-0: Ball 2-0: Called Strike 2-1: Foul Ball, location: 2F 2-2: SINGLE (Line Drive, 8RS)
|
Batting: LHB Norberto Muńóz
|
0-0: Called Strike 0-1: Foul Ball, location: 2F 0-2: Foul Ball, location: 2F 0-2: Ball 1-2: SINGLE (Groundball, 4MD) José García to second Runner from 2nd tries for 3rd, SAFE, throw made to third
|
Batting: RHB Marlon Phipps
|
0-0: Called Strike 0-1: Ball 1-1: Foul Ball, location: 2F 1-2: Ball 2-2: Foul Ball, location: 2F 2-2: Ball 3-2: Strikes out swinging
|
Batting: LHB Juan Cortés
|
0-0: Called Strike 0-1: Ball 1-1: Foul Ball, location: 2F 1-2: Strikes out swinging
|
Batting: RHB Francisco Sandoval
|
0-0: Foul Ball, location: 2F 0-1: SINGLE (Line Drive, 34D) José García scores Norberto Muńóz to second
|
Batting: RHB Pedro Guzmán
|
0-0: Ground out 5-3 (Groundball, 5S)
|
Bottom of the 1st over - 1 run(s), 3 hit(s), 0 error(s), 2 left on base; Seattle 3 - Pocatello 1 |
TOP OF THE 2ND |
Seattle Pikes batting - Pitching for Pocatello Boccabellas : RHP José Rojas
|
Batting: RHB Wallace Greene
|
0-0: Ball 1-0: Ball 2-0: Called Strike 2-1: Ground out 2-3 (Groundball, 23)
|
Batting: RHB Kazushige Aoki
|
0-0: Ball 1-0: Called Strike 1-1: Foul Ball, location: 2F 1-2: Strikes out looking
|
Batting: RHB Manuel Rico
|
0-0: Ball 1-0: Ball 2-0: Foul Ball, location: 2F 2-1: Ground out 5-3 (Groundball, 56)
|
Top of the 2nd over - 0 run(s), 0 hit(s), 0 error(s), 0 left on base; Seattle 3 - Pocatello 1 |
BOTTOM OF THE 2ND |
Pocatello Boccabellas batting - Pitching for Seattle Pikes : LHP Albert Lebel
|
Batting: RHB José Delgado
|
0-0: Fly out, F8 (Flyball, 8RD)
|
Batting: SHB Guillermo Ortíz
|
0-0: Ball 1-0: Called Strike 1-1: Ball 2-1: Swinging Strike 2-2: Fly out, F3 (Popup, 3SF)
|
Batting: RHB Fabrice Brodeur
|
0-0: Fly out, F8 (Flyball, 89M)
|
Bottom of the 2nd over - 0 run(s), 0 hit(s), 0 error(s), 0 left on base; Seattle 3 - Pocatello 1 |
TOP OF THE 3RD |
Seattle Pikes batting - Pitching for Pocatello Boccabellas : RHP José Rojas
|
Batting: RHB António Ortega
|
0-0: Ball 1-0: Ball 2-0: DOUBLE (Line Drive, 89D) - OUT at third base trying to stretch hit.
|
Batting: LHB Keith Tillman
|
0-0: Ball 1-0: Swinging Strike 1-1: Foul Ball, location: 2F 1-2: Ball 2-2: Foul Ball, location: 2F 2-2: Foul Ball, location: 2F 2-2: Strikes out swinging
|
Batting: RHB Alfredo Rivera
|
0-0: Ball 1-0: Ball 2-0: Ball 3-0: Base on Balls
|
Batting: LHB Chad Weaver
|
0-0: Ball Alfredo Rivera steals 2nd base 1-0: Ball 2-0: Ball 3-0: Base on Balls
|
Batting: RHB Randy Sheppard
|
0-0: Fly out, F5 (Popup, 5F)
|
Top of the 3rd over - 0 run(s), 1 hit(s), 0 error(s), 2 left on base; Seattle 3 - Pocatello 1 |
BOTTOM OF THE 3RD |
Pocatello Boccabellas batting - Pitching for Seattle Pikes : LHP Albert Lebel
|
Batting: RHB José García
|
0-0: Called Strike 0-1: Foul Ball, location: 2F 0-2: Ground out 6-3 (Groundball, 6)
|
Batting: LHB Norberto Muńóz
|
0-0: Fly out, F7 (Flyball, 7LMF)
|
Batting: RHB Marlon Phipps
|
0-0: Called Strike 0-1: Ball 1-1: Ball 2-1: Ball 3-1: Swinging Strike 3-2: Strikes out swinging
|
Bottom of the 3rd over - 0 run(s), 0 hit(s), 0 error(s), 0 left on base; Seattle 3 - Pocatello 1 |
TOP OF THE 4TH |
Seattle Pikes batting - Pitching for Pocatello Boccabellas : RHP José Rojas
|
Batting: RHB Iván Gonzáles
|
0-0: Ball 1-0: Fly out, F3 (Popup, 3F)
|
Batting: RHB Wallace Greene
|
0-0: Ball 1-0: Called Strike 1-1: Ball 2-1: Foul Ball, location: 2F 2-2: Fly out, F4 (Popup, 4D)
|
Batting: RHB Kazushige Aoki
|
0-0: Called Strike 0-1: Ball 1-1: Foul Ball, location: 2F 1-2: Foul Ball, location: 2F 1-2: Strikes out swinging
|
Top of the 4th over - 0 run(s), 0 hit(s), 0 error(s), 0 left on base; Seattle 3 - Pocatello 1 |
BOTTOM OF THE 4TH |
Pocatello Boccabellas batting - Pitching for Seattle Pikes : LHP Albert Lebel
|
Batting: LHB Juan Cortés
|
0-0: Fly out, F8 (Flyball, 8RS)
|
Batting: RHB Francisco Sandoval
|
0-0: Ball 1-0: Ground out 4-3 (Groundball, 4)
|
Batting: RHB Pedro Guzmán
|
0-0: Called Strike 0-1: Ball 1-1: Ball 2-1: Swinging Strike 2-2: Strikes out swinging
|
Bottom of the 4th over - 0 run(s), 0 hit(s), 0 error(s), 0 left on base; Seattle 3 - Pocatello 1 |
TOP OF THE 5TH |
Seattle Pikes batting - Pitching for Pocatello Boccabellas : RHP José Rojas
|
Batting: RHB Manuel Rico
|
0-0: Ball 1-0: Fly out, F7 (Flyball, 78S)
|
Batting: RHB António Ortega
|
0-0: Ball 1-0: Ball 2-0: Swinging Strike 2-1: Ball 3-1: Called Strike 3-2: Strikes out swinging
|
Batting: LHB Keith Tillman
|
0-0: Called Strike 0-1: Ball 1-1: Foul Ball, location: 2F 1-2: Fly out, F4 (Popup, 89S)
|
Top of the 5th over - 0 run(s), 0 hit(s), 0 error(s), 0 left on base; Seattle 3 - Pocatello 1 |
BOTTOM OF THE 5TH |
Pocatello Boccabellas batting - Pitching for Seattle Pikes : LHP Albert Lebel
|
Batting: RHB José Delgado
|
0-0: Ball 1-0: Foul Ball, location: 2F 1-1: Foul Ball, location: 2F 1-2: Ball 2-2: DOUBLE (Line Drive, 9LD)
|
Batting: SHB Guillermo Ortíz
|
0-0: DOUBLE (Line Drive, 78D) José Delgado scores
|
Batting: RHB Fabrice Brodeur
|
0-0: Called Strike 0-1: Ground out 5-3 (Groundball, 5)
|
Batting: RHB José García
|
0-0: Ground out 6-3 (Groundball, 6)
|
Batting: LHB Norberto Muńóz
|
0-0: Called Strike 0-1: Fly out, F8 (Flyball, 8LD)
|
Bottom of the 5th over - 1 run(s), 2 hit(s), 0 error(s), 1 left on base; Seattle 3 - Pocatello 2 |
TOP OF THE 6TH |
Seattle Pikes batting - Pitching for Pocatello Boccabellas : RHP José Rojas
|
Batting: RHB Alfredo Rivera
|
0-0: Ball 1-0: Called Strike 1-1: Ground out 4-3 (Groundball, 4S)
|
Batting: LHB Chad Weaver
|
0-0: Fly out, F7 (Flyball, 78S)
|
Batting: RHB Randy Sheppard
|
0-0: Called Strike 0-1: Ground out 5-3 (Groundball, 5)
|
Top of the 6th over - 0 run(s), 0 hit(s), 0 error(s), 0 left on base; Seattle 3 - Pocatello 2 |
BOTTOM OF THE 6TH |
Pocatello Boccabellas batting - Pitching for Seattle Pikes : LHP Albert Lebel
|
Batting: RHB Marlon Phipps
|
0-0: Ball 1-0: Called Strike 1-1: Ball 2-1: Called Strike 2-2: Ball 3-2: Foul Ball, location: 2F 3-2: Strikes out swinging
|
Batting: LHB Juan Cortés
|
0-0: Swinging Strike 0-1: Foul Ball, location: 2F 0-2: Strikes out looking
|
Batting: RHB Francisco Sandoval
|
0-0: Called Strike 0-1: Swinging Strike 0-2: Ball 1-2: Ball 2-2: Strikes out swinging
|
Bottom of the 6th over - 0 run(s), 0 hit(s), 0 error(s), 0 left on base; Seattle 3 - Pocatello 2 |
TOP OF THE 7TH |
Seattle Pikes batting - Pitching for Pocatello Boccabellas : RHP José Rojas
|
Pitching: RHP Jaime Espinoza
|
|
Batting: RHB Iván Gonzáles
|
0-0: Foul Ball, location: 2F 0-1: Foul Ball, location: 2F 0-2: Ground out 5-3 (Groundball, 56)
|
Batting: RHB Wallace Greene
|
0-0: Fly out, F9 (Flyball, 9M)
|
Batting: RHB Kazushige Aoki
|
0-0: Called Strike 0-1: Ball 1-1: Foul Ball, location: 2F 1-2: Ball 2-2: Foul Ball, location: 2F 2-2: Ball 3-2: Ground out 4-3 (Groundball, 4M)
|
Top of the 7th over - 0 run(s), 0 hit(s), 0 error(s), 0 left on base; Seattle 3 - Pocatello 2 |
BOTTOM OF THE 7TH |
Pocatello Boccabellas batting - Pitching for Seattle Pikes : LHP Albert Lebel
|
Batting: RHB Pedro Guzmán
|
0-0: Ball 1-0: Foul Ball, location: 2F 1-1: SINGLE (Line Drive, 4MD)
|
Batting: RHB José Delgado
|
0-0: Swinging Strike 0-1: Foul Ball, location: 2F 0-2: Strikes out swinging
|
Batting: SHB Guillermo Ortíz
|
0-0: Ball 1-0: Called Strike 1-1: SINGLE (Groundball, 56D) Pedro Guzmán to second
|
Pitching: RHP José Salinas
|
|
Batting: RHB Fabrice Brodeur
|
0-0: Ball 1-0: Ball 2-0: Called Strike 2-1: Foul Ball, location: 2F 2-2: Ball 3-2: Foul Ball, location: 2F 3-2: 3-RUN HOME RUN (Flyball, 7D), Distance : 370 ft
|
Pitching: LHP Cristián Escobar
|
|
Batting: RHB José García
|
0-0: Called Strike 0-1: Foul Ball, location: 2F 0-2: Ball 1-2: SINGLE (Flyball, 89S)
|
Batting: LHB Norberto Muńóz
|
0-0: Ball 1-0: Called Strike 1-1: Ball 2-1: Swinging Strike 2-2: Foul Ball, location: 2F 2-2: Strikes out looking
|
Pitching: RHP Ernesto Beltrán
|
|
Batting: RHB Marlon Phipps
|
0-0: Called Strike 0-1: Swinging Strike 0-2: Ball 1-2: Strikes out swinging
|
Bottom of the 7th over - 3 run(s), 4 hit(s), 0 error(s), 1 left on base; Seattle 3 - Pocatello 5 |
TOP OF THE 8TH |
Seattle Pikes batting - Pitching for Pocatello Boccabellas : RHP Jaime Espinoza
|
Batting: RHB Manuel Rico
|
0-0: Called Strike 0-1: Foul Ball, location: 2F 0-2: Ball 1-2: Ball 2-2: Ground out 4-3 (Groundball, 4)
|
Now at 2B: Chris Parker
|
|
Batting: RHB António Ortega
|
0-0: Called Strike 0-1: Ball 1-1: Ball 2-1: Ground out 1-3 (Groundball, 23)
|
Batting: LHB Keith Tillman
|
0-0: Ball 1-0: Ball 2-0: Ball 3-0: Called Strike 3-1: Foul Ball, location: 2F 3-2: SINGLE (Groundball, 34)
|
Batting: RHB Alfredo Rivera
|
0-0: Foul Ball, location: 2F 0-1: Ball 1-1: Ball 2-1: Fielders Choice at 2nd, U4 (Groundball, 4M)
|
Top of the 8th over - 0 run(s), 1 hit(s), 0 error(s), 1 left on base; Seattle 3 - Pocatello 5 |
BOTTOM OF THE 8TH |
Pocatello Boccabellas batting - Pitching for Seattle Pikes : RHP Ernesto Beltrán
|
Batting: LHB Juan Cortés
|
0-0: Foul Ball, location: 2F 0-1: Ball 1-1: Swinging Strike 1-2: Ball 2-2: Foul Ball, location: 2F 2-2: Ground out 5-3 (Groundball, 15S)
|
Batting: RHB Francisco Sandoval
|
0-0: Ball 1-0: Fly out, F9 (Flyball, 9M)
|
Batting: RHB Pedro Guzmán
|
0-0: Ball 1-0: Fly out, F8 (Flyball, 8RD)
|
Bottom of the 8th over - 0 run(s), 0 hit(s), 0 error(s), 0 left on base; Seattle 3 - Pocatello 5 |
TOP OF THE 9TH |
Seattle Pikes batting - Pitching for Pocatello Boccabellas : RHP Jaime Espinoza
|
Pitching: RHP Adrián Martínez
|
|
Batting: LHB Chad Weaver
|
0-0: SINGLE (Groundball, 34)
|
Batting: RHB Randy Sheppard
|
0-0: Swinging Strike 0-1: Ball 1-1: Grounds into double play, 6-4-3 (Groundball, 6)
|
Batting: RHB Iván Gonzáles
|
0-0: Ball 1-0: Ball 2-0: Called Strike 2-1: Ground out 1-3 (Groundball, 13S)
|
Top of the 9th over - 0 run(s), 1 hit(s), 0 error(s), 0 left on base; Seattle 3 - Pocatello 5 |
|